 Dungeon Crawl Stone Soup version 0.22.1-2-g9c5b331383 (webtiles) character file.

153 Knorr the Covered (level 5, -1/46 HPs)
             Began as a Minotaur Fighter on Dec 31, 2018.
             Slain by Sigmund
             ... wielding a +0 scythe
              (4 damage)
             ... on level 3 of the Dungeon.
             The game lasted 00:12:49 (1668 turns).

Knorr the Covered (Minotaur Fighter)                Turns: 1668, Time: 00:12:49

Health: -1/46      AC:  7    Str: 27    XL:     5   Next: 12%
Magic:  4/4        EV:  8    Int:  5    God:
Gold:   135        SH: 12    Dex:  9    Spells: 4/4 levels left

rFire    . . .     SeeInvis .   a - +1 war axe
rCold    . . .     Gourm    .   c - +0 shield
rNeg     . . .     Faith    .   b - +0 scale mail
rPois    .         Spirit   .   (helmet restricted)
rElec    .         Reflect  +   (no cloak)
rCorr    .         Harm     .   (no gloves)
MR       .....                  (no boots)
Stlth    +.........             h - +2 amulet of reflection
HPRegen  0.15/turn              l - ring of stealth
MPRegen  0.09/turn              (no ring)

@: mighty
A: retaliatory headbutt, horns 2
a: no special abilities


You were on level 3 of the Dungeon.
You were not hungry.

You visited 1 branch of the dungeon, and saw 3 of its levels.

You collected 135 gold pieces.

Inventory:

Hand Weapons
 a - a +1 war axe (weapon)
 k - a +0 flail
Missiles
 e - 113 stones
 i - 19 poisoned needles (quivered)
Armour
 b - a +0 scale mail (worn)
 c - a +0 shield (worn)
Jewellery
 h - a +2 amulet of reflection (around neck)
 l - a ring of stealth (left hand)
Scrolls
 j - 6 scrolls of identify
Comestibles
 f - 9 rations
 g - 5 chunks of flesh


   Skills:
 + Level 4.1 Fighting
 + Level 4.0 Axes
 + Level 4.6 Armour
 + Level 1.6 Dodging
 + Level 4.5 Shields


You had 4 spell levels left.
You didn't know any spells.
Your spell library was empty.

Dungeon Overview and Level Annotations

Branches:
Dungeon (3/15)

Altars:
Nemelex Xobeh
Yredelemnul

Annotations:
D:3 Sigmund


Innate Abilities, Weirdness & Mutations

You reflexively headbutt those who attack you in melee.
You have a pair of horns on your head.


Message History

Something hits you. Something hits you but does no damage. Something hits you.
Something hits you! Something hits you but does no damage.
You hit something. Your headbutt misses something.
You hear some strange, mumbled words.
A magic dart appears from out of thin air!
The magic dart hits you! Something hits you but does no damage.
You closely miss something. Something hits you but does no damage.
You miss something. Your headbutt misses something.
Your shield prevents you from hitting something.
Your headbutt misses something. Something hits you.
You slash something! Something hits you!
* * * LOW HITPOINT WARNING * * *
You feel very mighty all of a sudden. Something hits you.
* * * LOW HITPOINT WARNING * * *
You closely miss something. Your headbutt misses something. Something hits you.
You die...

#.. #.# #.# ##.##
####...#
###....#.##########
#..r..............##
#.#{#############รท#.
#.#@# #... r.#.# #.#.
...#.# ##.##
........# #...#
......#.# #.###.
.#...##.# #. #. ##.#
#.. # #. #. #.. ... .
... #.##


You could see a rat.

Vanquished Creatures
  A hound (D:3)
  Terence (D:2)
  3 adders
  An ooze (D:2)
  3 dart slugs
  3 leopard geckos (D:1)
  6 bats
  2 giant cockroaches
  6 goblins
  3 hobgoblins
  14 jackals
  3 kobolds (D:2)
  A ball python (D:2)
  5 frilled lizards
  4 rats (D:1)
56 creatures vanquished.

Vanquished Creatures (others)
  A goblin (D:2)
1 creature vanquished.

Grand Total: 57 creatures vanquished

Notes
Turn   | Place    | Note
-------+----------+-------------------------------------------
     0 | D:1      | Knorr the Minotaur Fighter began the quest for the Orb.
     0 | D:1      | Reached XP level 1. HP: 19/19 MP: 0/0
    57 | D:1      | Reached XP level 2. HP: 27/27 MP: 1/1
   441 | D:1      | Reached XP level 3. HP: 33/33 MP: 2/2
   636 | D:2      | Found a sparkling altar of Nemelex Xobeh.
   906 | D:2      | Reached skill level 1 in Dodging
   906 | D:2      | Reached XP level 4. HP: 38/40 MP: 3/3
  1234 | D:2      | Noticed Terence
  1244 | D:2      | Killed Terence
  1260 | D:2      | Found a basalt altar of Yredelemnul.
  1550 | D:3      | Reached XP level 5. HP: 33/46 MP: 4/4
  1649 | D:3      | Noticed Sigmund
  1668 | D:3      | Slain by Sigmund

Skill      XL: |  1  2  3  4 |
---------------+-------------+-----
Shields        | 4 |  4.5
Armour         | 4 |  4.6
Fighting       | 4 |  4.1
Dodging        | 1 |  1.6
Axes           | 4 |  4.0

Action                   |  1- 3 |  4- 6 || total
-------------------------+-------+-------++-------
Melee: War axe           |    86 |    50 ||   136
       Headbutt          |     9 |     4 ||    13
Throw: Stone             |     1 |       ||     1
  Use: Potion            |     4 |     1 ||     5
       Scroll            |     6 |     1 ||     7
  Eat: Chunk             |       |     3 ||     3
Armor: Scale mail        |    72 |    29 ||   101
Dodge: Dodged            |    48 |    21 ||    69
Block: Shield            |    79 |    31 ||   110
       Reflection        |       |     1 ||     1
